 Dungeon Crawl Stone Soup version 0.29.1-2-gbd0b4ee654 (webtiles) character file.

Game seed: 3600549864281629848

588 Linkola the Conjurer (level 7, -1/36 HPs)
             Began as a Deep Elf Conjurer on Nov 5, 2022.
             Slain by Eustachio
             ... wielding a +7 rapier of venom
              (11 damage)
             ... on level 5 of the Dungeon on Nov 6, 2022.
             The game lasted 00:17:02 (4589 turns).

Linkola the Conjurer (Deep Elf Conjurer)            Turns: 4589, Time: 00:17:03

Health: -1/36      AC:  4    Str:  4    XL:     7   Next: 15%
Magic:  8/18       EV: 12    Int: 23    God:
Gold:   205        SH:  0    Dex: 13    Spells: 8/18 levels left

rFire   + . .      SeeInvis .   i - +1 halberd (drain)
rCold   . . .      Faith    .   (shield currently unavailable)
rNeg    . . .      Spirit   .   a - +0 robe
rPois   .          Reflect  .   (no helmet)
rElec   .          Harm     .   c - +1 cloak
rCorr   .          Rampage  .   (no gloves)
Will    .....      Rage     3%  (no boots)
Stlth   ++........              (no amulet)
HPRegen 0.12/turn               f - ring of protection from fire
MPRegen 0.16/turn               (no ring)

@: lethally poisoned (-1 -> -22)
A: berserk 1, dopey 1
a: no special abilities


You were on level 5 of the Dungeon.
You visited 1 branch of the dungeon, and saw 5 of its levels.

You collected 205 gold pieces.

Inventory:

Hand Weapons
 i - a +1 halberd of draining (weapon)
Armour
 a - a +0 robe (worn)
 c - a +1 cloak (worn)
Jewellery
 f - a ring of protection from fire (left hand)
 n - a ring of willpower
Wands
 e - a wand of digging (2)
Scrolls
 d - 2 scrolls of enchant armour
 g - a scroll of poison
 h - a scroll of teleportation
 j - 2 scrolls of fog
 l - a scroll of magic mapping
 m - a scroll of identify
Potions
 b - 4 potions of magic
 k - a potion of curing
 o - a potion of flight
 p - a potion of berserk rage {unknown}


   Skills:
 + Level 3.0 Dodging
 + Level 3.2 Stealth
 + Level 6.0 Spellcasting
 + Level 6.1 Conjurations
 * Level 3.1 Hexes
 * Level 3.9 Ice Magic


You had 8 spell levels left.
You knew the following spells:

 Your Spells              Type           Power      Damage    Failure   Level
a - Magic Dart            Conj           100%       1d8       1%          1
b - Freeze                Ice            100%       1d11      1%          1
c - Searing Ray           Conj           70%        2d7       1%          2
d - Frozen Ramparts       Ice            50%        1d8       4%          3
e - Tukima's Dance        Hex            21%        N/A       7%          3

Your spell library contained the following spells:

 Spells                   Type           Power      Damage    Failure   Level
 Dazzling Flash           Conj/Hex       56%        N/A       3%          3
 Stone Arrow              Conj/Erth      42%        3d9       7%          3
 Sandblast                Erth           12%        2d6       9%          1
 Hailstorm                Conj/Ice       30%        3d8       11%         4
 Fulminant Prism          Conj/Hex       14%        3d9       12%         4
 Passwall                 Tmut/Erth      5%         N/A       13%         2
 Portal Projectile        Hex/Tloc       28%        N/A       14%         3
 Iskenderun's Mystic Bla  Conj/Tloc      21%        2d6       24%         4
 Blade Hands              Tmut           3%         N/A       93%         5


Dungeon Overview and Level Annotations

Branches:
Dungeon (5/15)
 Temple: D:4-7

Altars:
Fedhas
Gozag

Shops:
D:2 *

Annotations:
D:5 Eustachio


Innate Abilities, Weirdness & Mutations

You sometimes lose your temper in combat.
You are dopey. (Int -2)


Message History

Your Spellcasting skill increases to level 6!
Your Hexes skill increases to level 3!
The searing ray hits Eustachio.
Eustachio is lightly wounded.
The searing ray hits the bat.
You kill the bat!
The bat's corpse disappears in a puff of smoke!
You finish channelling your searing ray.
Casting: Searing Ray (safe; 1% risk of failure)
Confirm with . or Enter, or press ? or * to list all spells.
Aiming: Searing Ray (safe; 1% risk of failure)
Press: ? - help, Shift-Dir - straight line, f - Eustachio
Aim: Eustachio, wielding a +7 rapier of venom and wearing a +0 leather armour (lightly wounded, 73% to hit)
The searing ray misses Eustachio.
The searing ray hits the orc wizard!
The orc wizard is severely wounded.
The searing ray hits the rat!
You kill the rat!
The rat's corpse disappears in a puff of smoke! (Press . to maintain the ray.) Eustachio casts a spell.
Eustachio blinks!
The searing ray hits Eustachio.
Eustachio is moderately wounded.
The searing ray hits the orc wizard.
You kill the orc wizard!
The searing ray misses the white imp.
The searing ray misses Eustachio.
The searing ray hits the white imp!
You kill the white imp!
The white imp disappears in a puff of smoke!
Eustachio hits you with a +7 rapier of venom!
You are lethally poisoned!
The searing ray hits Eustachio.
Eustachio is moderately wounded.
The searing ray hits the river rat.
The river rat is moderately wounded.
You finish channelling your searing ray.
* * * LOW HITPOINT WARNING * * *
You feel very sick.
Eustachio hits you with a +7 rapier of venom!
You die...

... ..# ..# ..# . ..# #
.o. ..# #.##
o.#..#####..# ......
....r§)@@...# ......
.##.#####...# #...#
.....# #...# #..#
.##.#.###...###
#..####..##...........#
....<....##.#.###...###
........###.#.###...#
....................#
.#.##.#.###.#.###...#


You could see Eustachio and a river rat (summoned).

Vanquished Creatures
  2 phantoms (D:4)
  A scorpion (D:5)
  2 hounds (D:5)
  A gnoll bouda (D:3)
  An iguana (D:5)
  An orc wizard (D:5)
  Robin (D:2)
  5 gnolls (D:3)
  9 adders
  4 worms
  5 orcs
  7 ball pythons
  4 endoplasms
  5 giant cockroaches
  9 goblins
  14 hobgoblins
  5 kobolds
  3 quokkas
  3 bats (D:2)
  5 frilled lizards
  7 rats
94 creatures vanquished.

Notes
Turn   | Place    | Note
-------+----------+-------------------------------------------
     0 | D:1      | Linkola the Deep Elf Conjurer began the quest for the Orb.
     0 | D:1      | Reached XP level 1. HP: 10/10 MP: 6/6
    95 | D:1      | Learned a level 1 spell: Freeze
   241 | D:1      | Reached XP level 2. HP: 15/15 MP: 4/8
   244 | D:1      | Learned a level 2 spell: Searing Ray
   790 | D:2      | Reached skill level 1 in Ice Magic
   809 | D:2      | Reached skill level 5 in Conjurations
   867 | D:2      | Reached XP level 3. HP: 3/19 MP: 5/9
   871 | D:2      | Learned a level 3 spell: Frozen Ramparts
  1155 | D:2      | Found Tecelyavuf's Assorted Antiques.
  1213 | D:2      | Noticed Robin
  1355 | D:2      | Killed Robin
  1361 | D:2      | Gained mutation: You have hidden genetic defects. [potion
                  | of mutation]
  1597 | D:2      | Reached XP level 4. HP: 24/24 MP: 6/11
  1602 | D:2      | Gained mutation: You are dopey. (Int -2) [hidden defects]
  1609 | D:2      | Learned a level 3 spell: Tukima's Dance
  1850 | D:2      | Found a faded altar of an unknown god.
  2084 | D:3      | Gained mutation: You sometimes lose your temper in combat.
                  | [hidden defects]
  2084 | D:3      | Lost mutation: You have hidden genetic defects. [hidden
                  | defects expressed]
  2086 | D:3      | Reached skill level 1 in Hexes
  2352 | D:3      | Reached XP level 5. HP: 17/28 MP: 7/13
  2513 | D:3      | Found an opulent altar of Gozag.
  3348 | D:4      | Identified the +1 leather armour "Emiretzami" {Harm rElec
                  | Dex-4}
  3501 | D:4      | Noticed a phantom
  3512 | D:4      | Killed a phantom
  3513 | D:4      | Reached skill level 5 in Spellcasting
  3513 | D:4      | Reached XP level 6. HP: 25/32 MP: 3/15
  3694 | D:4      | Found a blossoming altar of Fedhas.
  4043 | D:5      | Entered Level 5 of the Dungeon
  4469 | D:5      | Reached XP level 7. HP: 36/36 MP: 8/17
  4578 | D:5      | Noticed Eustachio
  4589 | D:5      | Slain by Eustachio

Illustrated notes

Levels and vault maps discovered:
D:1:      giann_bridges, layout_rooms
D:2:      layout_rooms, serial_shops, shop,
          hellmonk_ecumenical_altar_inner_sanctum, uniq_robin
D:3:      layout_basic, nicolae_overflow_crystal_walls, minmay_cut_off
D:4:      nicolae_cairo_tiling, layout_basic, mainiacjoe_overflow_boulevard
D:5:      layout_basic, zin_angel, serial_shops, kennysheep_mini_moat,
          chequers_decorated_corner, uniq_eustachio

Skill      XL: |  1  2  3  4  5  6  7 |
---------------+----------------------+-----
Ice Magic      | 1 2 3 |  3.9
Conjurations   | 5 6 |  6.1
Spellcasting   | 4 5 6 |  6.0
Hexes          | 1 2 3 |  3.1
Stealth        | 3 |  3.2
Dodging        | 3 |  3.0

Action                   |  1- 3 |  4- 6 |  7- 9 || total
-------------------------+-------+-------+-------++-------
Melee: Halberd           |       |     3 |       ||     3
 Cast: Magic Dart        |    64 |    79 |     3 ||   146
       Searing Ray       |     5 |    10 |     2 ||    17
       Freeze            |     4 |    28 |       ||    32
       Tukima's Dance    |       |     2 |       ||     2
  Use: Scroll            |     3 |    11 |       ||    14
       Potion            |     1 |       |       ||     1
Armor: Robe              |     2 |    14 |     1 ||    17
Dodge: Dodged            |     5 |    32 |       ||    37
